 Dungeon Crawl Stone Soup version 0.31-a0-1074-g0b22e4e0f1 (webtiles) character file.

Game seed: 7943568440990018265

20 subawu the Grave Robber (level 2, 0/15 HPs)
             Began as a Deep Elf Necromancer on Dec 6, 2023.
             Slain by a gnoll
             ... wielding a +0 halberd
              (15 damage)
             ... on level 2 of the Dungeon.
             The game lasted 00:03:52 (997 turns).

subawu the Grave Robber (Deep Elf Necromancer)       Turns: 997, Time: 00:03:52

Health: 0/15       AC:  3    Str:  5    XL:     2   Next: 58%
Magic:  7/8        EV: 11    Int: 19    God:
Gold:   64         SH:  0    Dex: 15    Spells: 6/7 levels left

rFire   . . .        g - +0 dagger
rCold   . . .        (no shield)
rNeg    . . .        d - +0 leather armour
rPois   .            (no helmet)
rElec   .            (no cloak)
rCorr   .            (no gloves)
SInv    .            (no boots)
Will    .....        (no amulet)
Stlth   ++           (no ring)
HPRegen 0.22/turn    (no ring)
MPRegen 0.11/turn

%: no passive effects
@: no status effects
A: no striking features
a: no special abilities


You were on level 2 of the Dungeon.
You visited 1 branch of the dungeon, and saw 2 of its levels.

You collected 64 gold pieces.

Inventory:

Hand Weapons
 g - a +0 dagger (weapon)
 l - a +2 whip of distortion
Missiles
 c - 6 stones (quivered)
Armour
 a - a +0 robe
 d - a +0 leather armour (worn)
 f - a +0 scale mail
Jewellery
 j - a ring of flight
Scrolls
 e - a scroll of amnesia {unknown}
 h - a scroll of identify {unknown}
 k - a scroll of torment {unknown}
 o - a scroll of fear {unknown}
Potions
 b - a potion of magic
 i - 3 potions of curing {unknown}
 m - a potion of degeneration {unknown}
 n - a potion of mutation {unknown}
 p - a potion of brilliance {unknown}


   Skills:
 + Level 0.2 Short Blades
 + Level 2.6 Dodging
 + Level 2.5 Stealth
 + Level 3.3 Spellcasting
 + Level 5.4 Necromancy


You had 6 spell levels left.
You knew the following spells:

 Your Spells              Type           Power      Damage    Failure   Level
a - Necrotise             Necr           92%        1d8       2%          1

Your spell library contained the following spells:

 Spells                   Type           Power      Damage    Failure   Level
 Vampiric Draining        Necr           23%        2d7       8%          3
 Animate Dead             Necr           23%        N/A       26%         4
 Agony                    Necr           23%        N/A       58%         5


Dungeon Overview and Level Annotations

Branches:
Dungeon (2/15)

Altars:


Message History

The rat writhes in agony!
You kill the rat!
The dead are walking!
A rat comes into view.
You see here a +0 robe.
Casting: Necrotise (safe; 2% risk of failure)
Confirm with . or Enter, or press ? or * to list all spells.
You can't see any susceptible monsters within range! (Use Z to cast anyway.)
Found 2 fizzy orange potions.
There is an escape hatch in the ceiling here.
Casting: Necrotise (safe; 2% risk of failure)
Confirm with . or Enter, or press ? or * to list all spells.
Aiming: Necrotise (safe; 2% risk of failure)
Press: ? - help, Shift-Dir - straight line, f - rat
Aim: a rat (asleep, ally target, chance to affect: 91%)
The rat writhes in agony.
You kill the rat!
The dead are walking!
You swap places.
Found a sapphire potion.
i - 3 fizzy orange potions (gained 2)
Your rat skeleton crumbles into dust!
p - a sapphire potion A gnoll comes into view.
It is wielding a +0 halberd.
The gnoll shouts!
You hear a shout!
You hear an angry hiss.
A gnoll comes into view. It is wielding a +0 club.
A gnoll comes into view. It is wielding a +0 flail.
The gnoll moves out of view.
A ball python comes into view.
Found 13 gold pieces.
The gnoll barely misses you.
Casting: Necrotise (safe; 2% risk of failure)
Confirm with . or Enter, or press ? or * to list all spells.
Aiming: Necrotise (safe; 2% risk of failure)
Press: ? - help, Shift-Dir - straight line, f - gnoll
Aim: a gnoll, wielding a +0 halberd and quivering a throwing net (ally target, chance to affect: 87%)
The gnoll writhes in agony.
The gnoll shouts!
The ball python hisses angrily.
The gnoll hits you from afar with a +0 halberd!
Ouch! That really hurt!
You die...

###### ##
..... #.##
.$.. .....
... .g.#
..###.S. #.
..#g.#
#.##..g#
#.#.@.##
#......##
#.......#
#......##
#.#..Z####.#
#..........#
####.#######
#.# #.#


You could see 3 gnolls, a ball python and a friendly rat skeleton.

Vanquished Creatures
  3 ball pythons (D:1)
  5 endoplasms (D:1)
  A giant cockroach (D:1)
  2 hobgoblins
  A quokka (D:1)
  2 bats (D:1)
  3 rats
17 creatures vanquished.

Notes
Turn   | Place    | Note
-------+----------+-------------------------------------------
     0 | D:1      | subawu the Deep Elf Necromancer began the quest for the
                  | Orb.
     0 | D:1      | Reached XP level 1. HP: 10/10 MP: 6/6
    88 | D:1      | Found Gilaff's Book Shoppe.
   153 | D:1      | Reached skill level 5 in Necromancy
   314 | D:1      | Reached XP level 2. HP: 8/15 MP: 6/8
   997 | D:2      | Slain by a gnoll

Illustrated notes

Levels and vault maps discovered:
D:1:      lemuel_arrival_river_bridge, layout_loops_ring, serial_shops, shop
D:2:      layout_loops_ring, serial_bayou_pond_c, roderic_roman_lattice

Skill      XL: |  1 |
---------------+----+-----
Necromancy     | 5 |  5.4
Short Blades   | |  0.2
Dodging        | |  2.6
Stealth        | |  2.5
Spellcasting   | |  3.3

Action                     || total
---------------------------++-------
  Melee: Dagger            ||    17
   Cast: Necrotise         ||    24
 Armour: Leather armour    ||    11
  Dodge: Dodged            ||     7

Table legend: (Time is in decaauts)
 A = Elapsed time spent in this place.
 B = Non-inter-level travel time spent in this place.
 C = Inter-level travel time spent in this place.
 D = Time resting spent in this place.
 E = Time spent auto-exploring this place.
 F = Levels seen in this place.
 G = Mean time per level.
                   A        B        C        D        E       F      G
               +--------+--------+--------+--------+--------+-----+--------+
         Total |   1000 |   1000 |      0 |     28 |    630 |   2 |  500.0 |
       Dungeon |   1000 |   1000 |      0 |     28 |    630 |   2 |  500.0 |
               +--------+--------+--------+--------+--------+-----+--------+

Top non-repeatable levels by time:
     D:1: 900 daAuts
     D:2: 99 daAuts
